 Bloatcrawl 2 version 2.3.0-a0-108-gdc832c1 (webtiles) character file.

Game seed: 7530791260791850065, levelgen mode: deterministic

23 CUS the Skirmisher (level 2, 21/21 HPs)
             Began as a Squat Elf Torpor Knight on Jan 18, 2020.
             Was a Follower of Cheibriados.
             Quit the game on level 1 of the Dungeon.
             The game lasted 00:01:46 (814 turns).

CUS the Skirmisher (Squat Elf Torpor Knight)         Turns: 814, Time: 00:01:47

Health: 21/21      AC: 10    Str: 16    XL:     2   Next: 72%
Magic:  4/4        EV:  5    Int: 16    God:    Cheibriados [*.....]
Gold:   88         SH:  0    Dex: 14    Spells: 1/1 levels left Game modifiers: None

rFire    . . .     SeeInvis .   a - +0 hand axe
rCold    . . .     Gourm    .   (no shield)
rNeg     . . .     Faith    .   b - +0 plate armour {ponderous}
rPois    .         Spirit   .   (no helmet)
rElec    .         Reflect  .   (no cloak)
rCorr    .         Harm     .   (no gloves)
MR       .....                  (no boots)
Stlth    ..........             (no amulet)
HPRegen  0.07/turn              (no ring)
MPRegen  0.09/turn              (no ring)

@: very slow
A: powersquat
a: Powersquat, Bend Time, Renounce Religion


You were on level 1 of the Dungeon.
You worshipped Cheibriados.
Cheibriados was aware of your devotion.
You were not hungry.

You visited 1 branch of the dungeon, and saw 1 of its levels.

You collected 88 gold pieces.

Inventory:

Hand Weapons
 a - a +0 hand axe (weapon)
Missiles
 e - 24 sling bullets
 f - 17 bolts
 g - 6 arrows
 h - 33 stones (quivered)
Armour
 b - a +0 plate armour of ponderousness (worn)
Scrolls
 i - a scroll of teleportation {unknown}
Potions
 d - a potion of heal wounds {unknown}
Comestibles
 c - 4 rations


   Skills:
 + Level 3.6 Fighting
 + Level 1.9 Axes
 + Level 1.0 Armour
 + Level 2.3 Dodging
 + Level 1.5 Invocations


You had one spell level left.
You didn't know any spells.
Your spell library was empty.

Dungeon Overview and Level Annotations

Branches:
Dungeon (1/15)

Altars:


Innate Abilities, Weirdness & Mutations

You can perform the elven powersquat technique.


Message History

Things that are here:
a cursed -3 short sword; a kobold corpse You see here a club.
You see here a +0 dagger.
There is an open door here.
Things that are here:
a +0 dagger; a +0 whip; a goblin skeleton You see here a short sword.
Things that are here:
a +0 club; a cursed -2 club
i - a scroll labeled QOYJ POUHIGHOSM Done exploring.
Done exploring.
(D) Dungeon
Where to? (? - help)
What level of the Dungeon? (default 1, ? - help)
Okay, then.
Unknown command.
Unknown command.
Are you sure you want to abandon this character and quit the game? (Confirm with "yes".)

#.......###.##.####### #.......#
#..#.# #.......###..#.#
#..............##############
#........########............
#........####.......#######..
#........##......###.......##
#........#....###............
####.......##..@#......#######..
#..........#...#.....### ###
#..........#...#....## #
#..........#...#....## #
#..........#...#..<..### ###
#.......)..##...#......#######..
##.##########....###............
#.##### ##......###.......##
#.....# ###.......#######..


There were no monsters in sight!

Vanquished Creatures
  A dart slug (D:1)
  3 bats (D:1)
  4 goblins (D:1)
  6 hobgoblins (D:1)
  2 kobolds (D:1)
  2 rats (D:1)
18 creatures vanquished.

Notes
Turn   | Place    | Note
-------+----------+-------------------------------------------
     0 | D:1      | CUS the Squat Elf Torpor Knight began the quest for the
                  | Orb.
     0 | D:1      | Reached XP level 1. HP: 16/16 MP: 3/3
   160 | D:1      | Reached XP level 2. HP: 21/21 MP: 4/4
   235 | D:1      | Reached skill level 1 in Armour
   814 | D:1      | Quit the game

Levels and vault maps discovered:
D:1:      dpeg_arrival_oval, layout_basic

Skill      XL: |  1  2 |
---------------+-------+-----
Armour         | 1 |  1.0
Fighting       | |  3.6
Axes           | |  1.9
Dodging        | |  2.3
Invocations    | |  1.5

Action                   || total
-------------------------++-------
Melee: Hand axe          ||    49
 Abil: Powersquat        ||     2
Armor: Plate armour      ||    34
Dodge: Dodged            ||    15

Table legend:
 A = Non-vault XP
 B = Vault XP
 C = Vault XP percentage of total XP
 D = Non-vault monster count
 E = Vault monster count
 F = Vault count percentage of total count
                 A         B        C        D         E       F
            +---------+---------+-------+---------+---------+-------
      Total |      33 |       0 |   0.0 |      18 |       0 |   0.0
            +---------+---------+-------+---------+---------+-------
        D:1 |      33 |       0 |   0.0 |      18 |       0 |   0.0
            +---------+---------+-------+---------+---------+-------
